 Dungeon Crawl Stone Soup version 0.29-a0-504-gec6baf379c (webtiles) character file.

Game seed: 9446173493351069998

8 Colgate the Sneak (level 2, 0/17 HPs)
             Began as a Kobold Brigand on May 28, 2022.
             Slain by a jackal (2 damage)
             ... on level 1 of the Dungeon.
             The game lasted 00:00:50 (188 turns).

Colgate the Sneak (Kobold Brigand)                   Turns: 188, Time: 00:00:50

Health: 0/17       AC:  3    Str:  8    XL:     2   Next: 15%
Magic:  2/2        EV: 14    Int: 12    God:
Gold:   17         SH:  0    Dex: 16    Spells: 1/1 levels left

rFire   . . .      SeeInvis .   a - +2 dagger
rCold   . . .      Faith    .   (no shield)
rNeg    . . .      Spirit   .   b - +0 robe
rPois   .          Reflect  .   (no helmet)
rElec   .          Harm     .   c - +0 cloak
rCorr   .          Rampage  .   (no gloves)
Will    .....                   (no boots)
Stlth   ++++......              (no amulet)
HPRegen 0.05/turn               (no ring)
MPRegen 0.08/turn               (no ring)

@: no status effects
A: small, no large weapons, nightstalker 3
a: no special abilities


You were on level 1 of the Dungeon.
You visited 1 branch of the dungeon, and saw 1 of its levels.

You collected 17 gold pieces.

Inventory:

Hand Weapons
 a - a +2 dagger (weapon)
Missiles
 d - 9 poisoned darts (quivered)
 e - 3 curare-tipped darts
Armour
 b - a +0 robe (worn)
 c - a +0 cloak (worn)
Scrolls
 f - a scroll of blinking {unknown}
Potions
 g - a potion of brilliance {unknown}


   Skills:
 - Level 2.1 Fighting
 + Level 3.7 Short Blades
 - Level 2.1 Throwing
 - Level 1.2 Dodging
 - Level 5.3 Stealth


You had one spell level left.
You didn't know any spells.
Your spell library was empty.

Dungeon Overview and Level Annotations

Branches:
Dungeon (1/15)

Altars:


Innate Abilities, Weirdness & Mutations

You are small and have problems with some larger weapons.
You are completely attuned to the shadows.


Message History

You are too injured to fight recklessly!
There are monsters nearby!
The jackal barks!
You hit the jackal but do no damage.
You hear a bark!
The bat hits you. The bat completely misses you.
A jackal comes into view.
The jackal barely misses you. The quokka misses you.
A jackal comes into view.
The jackal closely misses you.
You hit the jackal. You punch the jackal. The bat completely misses you.
The quokka misses you. The jackal bites you.
You hit the jackal.
You kill the jackal!
The quokka barely misses you. The hobgoblin closely misses you.
A frilled lizard comes into view.
You have reached level 2!
You hit the jackal but do no damage. The quokka misses you.
The jackal bites you.
You hit the jackal. The quokka bites you.
* * * LOW HITPOINT WARNING * * *
The hobgoblin hits you but does no damage.
The jackal closely misses you.
You hit the jackal.
You kill the jackal!
The quokka bites you but does no damage.
The hobgoblin barely misses you. The hobgoblin attacks as you move away!
The hobgoblin hits you but does no damage.
A jackal comes into view.
The quokka bites you.
* * * LOW HITPOINT WARNING * * *
A quokka comes into view.
The quokka attacks as you move away! The quokka misses you.
The jackal misses you. The quokka misses you. The jackal closely misses you.
The quokka attacks as you move away!
The quokka bites you but does no damage.
The jackal attacks as you move away! The jackal bites you.
You die...

#......##.#.#
.####.##.#.# ...
.#.# #.....?#
#.#.# ⌠##....h.#.#
#.#.# r... #..#.#
#.#.#
#h###hh#.#####.#.#
#hrhbgS..........#
#@####l..#####.###
#.# #.........#
#.# ##..#######
... ....# ###
#####


You could see a quokka, 4 jackals, a hobgoblin and a bat.

Vanquished Creatures
  2 endoplasms (D:1)
  2 jackals (D:1)
  A ball python (D:1)
  A bat (D:1)
  A kobold (D:1)
  A rat (D:1)
8 creatures vanquished.

Notes
Turn   | Place    | Note
-------+----------+-------------------------------------------
     0 | D:1      | Colgate the Kobold Brigand began the quest for the Orb.
     0 | D:1      | Reached XP level 1. HP: 12/12 MP: 1/1
   181 | D:1      | Reached XP level 2. HP: 7/17 MP: 2/2
   188 | D:1      | Slain by a jackal

Illustrated notes

Levels and vault maps discovered:
D:1:      dpeg_arrival_round_a, layout_loops_ring, serial_shops, shop_fountains,
          basic_ecumenical_altar, minmay_domino_4

Skill      XL: |  1 |
---------------+----+-----
Short Blades   | 3 |  3.7
Fighting       | |  2.1
Throwing       | |  2.1
Dodging        | |  1.2
Stealth        | |  5.3

Action                   || total
-------------------------++-------
Melee: Dagger            ||    16
       Punch             ||     1
 Stab: Sleeping          ||     4
Armor: Robe              ||     5
Dodge: Dodged            ||    20

Table legend: (Time is in decaauts)
 A = Elapsed time spent in this place.
 B = Non-inter-level travel time spent in this place.
 C = Inter-level travel time spent in this place.
 D = Time resting spent in this place.
 E = Time spent auto-exploring this place.
 F = Levels seen in this place.
 G = Mean time per level.
                   A        B        C        D        E       F      G
               +--------+--------+--------+--------+--------+-----+--------+
         Total |    185 |    185 |      0 |      0 |    140 |   1 |  185.0 |
       Dungeon |    185 |    185 |      0 |      0 |    140 |   1 |  185.0 |
               +--------+--------+--------+--------+--------+-----+--------+

Top non-repeatable levels by time:
     D:1: 185 daAuts
